 Dungeon Crawl Stone Soup version 0.29-a0-330-g52719c12eb (webtiles) character file.

Game seed: 2762234775963777168

3660 kae the Transmogrifier (level 9, 0/80 HPs)
             Began as a White Draconian Transmuter on May 19, 2022.
             Was an Initiate of Ru.
             Slain by a white ugly thing (5 damage)
             ... on level 8 of the Dungeon.
             The game lasted 00:06:46 (10840 turns).

kae the Transmogrifier (DrTm)                      Turns: 10840, Time: 00:06:47

Health: 0/80       AC:  8    Str: 14    XL:     9   Next: 89%
Magic:  16/16      EV: 10    Int: 15    God:    Ru [......]
Gold:   1113       SH:  0    Dex: 13    Spells: 8/20 levels left

rFire   x . .      SeeInvis .     - Unarmed
rCold   + + +      Faith    .   (shield currently unavailable)
rNeg    . . .      Spirit   .   (body armour unavailable)
rPois   +          Reflect  .   (helmet currently unavailable)
rElec   .          Harm     .   (cloak currently unavailable)
rCorr   .          Rampage  .   (gloves currently unavailable)
Will    .....                   (boots currently unavailable)
Stlth   +.........              (no amulet)
HPRegen 0.23/turn               b - ring of poison resistance
MPRegen 0.15/turn               (no ring)

@: ice-form (expiring)
A: freezing attack, amphibious, boosted hp, (breathe frost), AC +7, large,
unfitting armour, (cold resistance 1), low MP 1, (cold-blooded)
a: End Transformation, Renounce Religion


You were on level 8 of the Dungeon.
You worshipped Ru.
Ru was noncommittal.
You were a creature of crystalline ice.
You visited 1 branch of the dungeon, and saw 8 of its levels.
You also visited: Ossuary.

You collected 1113 gold pieces.

Inventory:

Missiles
 h - 3 throwing nets
Armour
 e - a +2 cloak (melded)
Jewellery
 b - a ring of poison resistance (left front paw)
Wands
 r - a wand of charming (9)
 t - a wand of paralysis (12)
Scrolls
 c - 3 scrolls of immolation
 d - 2 scrolls of fog
 g - a scroll of enchant weapon
 k - 2 scrolls of fear
 o - 2 scrolls of enchant armour
 p - a scroll of teleportation
 s - 2 scrolls of blinking
 v - a scroll of identify
Potions
 a - 4 potions of resistance
 f - a potion of curing
 i - a potion of brilliance {unknown}
 j - a potion of invisibility
 l - a potion of ambrosia
 m - a potion of mutation
 n - 5 potions of heal wounds {unknown}
 q - 3 potions of haste {unknown}
 u - a potion of lignification


   Skills:
 + Level 1.8 Fighting
 + Level 2.1 Dodging
 + Level 7.1 Unarmed Combat
 + Level 6.3 Spellcasting
 * Level 9.3 Transmutations
 - Level 6.0 Ice Magic
 - Level 1.5 Poison Magic


You had 8 spell levels left.
You knew the following spells:

 Your Spells              Type           Power      Damage    Failure   Level
a - Beastly Appendage     Tmut           64%        N/A       1%          1
b - Wereblood             Tmut           32%        N/A       1%          2
c - Spider Form           Tmut/Pois      21%        N/A       4%          3
d - Ice Form              Ice/Tmut       27%        N/A       6%          4
e - Passwall              Tmut/Erth      15%        N/A       3%          2

Your spell library contained the following spells:

 Spells                   Type           Power      Damage    Failure   Level
 Ensorcelled Hibernation  Hex/Ice        26%        N/A       6%          2
 Ignite Poison            Fire/Tmut/Pois 15%        N/A       10%         3
 Animate Skeleton         Necr           8%         N/A       14%         1
 Pain                     Necr           16%        1d4       14%         1
 Slow                     Hex            16%        N/A       14%         1
 Summon Small Mammal      Summ           16%        N/A       14%         1
 Call Canine Familiar     Summ           4%         N/A       41%         3
 Confusing Touch          Hex            4%         N/A       41%         3
 Conjure Flame            Conj/Fire      4%         6-21      41%         3
 Summon Guardian Golem    Hex/Summ       4%         N/A       41%         3
 Swiftness                Air            4%         N/A       41%         3
 Tukima's Dance           Hex            4%         N/A       41%         3
 Vampiric Draining        Necr           4%         2d6       41%         3
 Yara's Violent Unravell  Hex/Tmut       9%         3d6       50%         5
 Passage of Golubria      Tloc           4%         N/A       82%         4
 Sticky Flame             Conj/Fire      4%         2d3       82%         4
 Fireball                 Conj/Fire      2%         3d4       99%         5
 Iskenderun's Battlesphe  Conj           4%         2d6       99%         5
 Conjure Ball Lightning   Conj/Air       2%         3x3d6     100%        6
 Orb of Destruction       Conj           2%         9d5       100%        7


Dungeon Overview and Level Annotations

Branches:
Dungeon (8/15)             Temple (0/1) D:7         Ossuary (visited)
   Lair: D:8-11

Altars:
Ru

Annotations:
D:3 1 runed translucent door, Crazy Yiuf


Innate Abilities, Weirdness & Mutations

You are a creature of crystalline ice.
You have a powerful freezing melee attack.
You are amphibious.
Your maximum health is increased.
Your armour is entirely melded.
You are incapable of wielding weapons or throwing items.
((You can breathe waves of freezing cold which knock back foes.))
((Your icy white scales are hard. (AC +7)))
You cannot fit into any form of body armour.
((Your flesh is cold resistant. (rC+)))
Your magical capacity is low. (-10% MP)
((You are cold-blooded and may be slowed by cold attacks.))


Message History

You hear a shout!
You are too injured to fight recklessly!
You are too injured to fight recklessly!
You barely miss the white ugly thing.
The white ugly thing is moderately wounded.
The steam dragon bites you. The steam dragon barely misses you.
The white ugly thing trunk-slaps you but does no damage.
You completely miss the white ugly thing.
The white ugly thing is moderately wounded.
You are engulfed in a cloud of scalding steam.
The steam dragon closely misses you. x2
The white ugly thing is engulfed in a cloud of scalding steam.
The white ugly thing trunk-slaps you. The white ugly thing freezes you.
You resist.
You completely miss the white ugly thing.
The white ugly thing is heavily wounded.
You are engulfed in a cloud of scalding steam.
The steam dragon bites you but does no damage.
The steam dragon claws you but does no damage.
An orc warrior comes into view. It is wielding a +0 trident.
The white ugly thing is engulfed in a cloud of scalding steam.
The white ugly thing trunk-slaps you. The white ugly thing freezes you.
You resist.
Your transformation is almost over.
An ice beast comes into view.
You hit the white ugly thing.
The white ugly thing is heavily wounded.
An orc wizard comes into view.
It is wielding a +2 dagger of electrocution.
The steam dragon bites you but does no damage.
The steam dragon claws you.
The white ugly thing trunk-slaps you but does no damage.
You hit the white ugly thing but do no damage.
The white ugly thing is heavily wounded.
The steam dragon breathes steam at you. The ball of steam hits you!!
The steam scalds you terribly!
* * * LOW HITPOINT WARNING * * *
The white ugly thing trunk-slaps you.
* * * LOW HITPOINT WARNING * * *
The white ugly thing freezes you. You resist.
You die...

###.###.))### ##.
#..##))##
##..###..##.)# .#
##.#.....#.##.# ..
...##.##..)#)# #.
## #.#...#.#.#.#
#.#.##.......##..#
#.ยง.#.#.).#.#.#.#
#..Yu.##.##.[.#.#
#..#D#.....#.##.#
#..##o.###..##..#
#.# ##o.#..##..##
.# ....###...## .#
.#.Y##...#>.# .#
##.##..##.# ##
..##.##.# #.#.##.#


You could see a white ugly thing, a steam dragon, an orc warrior, an ice beast
and an orc wizard.

Vanquished Creatures
  Pikel (D:7)
  Grinder (D:3)
  Sigmund (D:6)
  A steam dragon (D:6)
  Menkaure (D:4)
  An acid dragon (D:8)
  Duvessa (D:6)
  2 water moccasins (D:7)
  An orc warrior (D:8)
  An ogre (D:5)
  A centaur (D:7)
  3 bullfrogs
  2 necrophages
  5 scorpions
  3 wights (D:4)
  Dowan (D:6)
  3 jellies
  3 hounds
  2 gnoll shamans
  4 orc priests
  3 iguanas
  5 orc wizards
  8 mummies (Ossuary)
  17 gnolls
  8 adders
  A shadow imp (D:8)
  2 white imps (D:7)
  A dart slug (D:3)
  2 worms
  29 orcs
  3 bats
  14 endoplasms
  6 giant cockroaches
  5 goblins
  9 hobgoblins
  2 jackals (D:4)
  2 quokkas
  9 ball pythons
  A frilled lizard (D:2)
  A gnoll zombie (Ossuary)
  2 hobgoblin zombies (Ossuary)
  7 kobolds
  A kobold zombie (Ossuary)
  4 orc zombies (Ossuary)
  3 rats
183 creatures vanquished.

Vanquished Creatures (others)
  4 demonic plants (D:3)
  8 plants
  A withered plant (D:3)
13 creatures vanquished.

Grand Total: 196 creatures vanquished

Notes
Turn   | Place    | Note
-------+----------+-------------------------------------------
     0 | D:1      | kae the Draconian Transmuter began the quest for the Orb.
     0 | D:1      | Reached XP level 1. HP: 16/16 MP: 3/3
   331 | D:1      | Reached XP level 2. HP: 21/23 MP: 3/5
   613 | D:1      | Reached XP level 3. HP: 28/28 MP: 4/6
   616 | D:1      | Learned a level 2 spell: Wereblood
   620 | D:1      | Learned a level 3 spell: Spider Form
   925 | D:2      | Reached skill level 3 in Transmutations
  1216 | D:2      | Reached skill level 1 in Poison Magic
  1359 | D:2      | Reached XP level 4. HP: 20/35 MP: 3/7
  2475 | D:3      | Reached XP level 5. HP: 38/40 MP: 7/9
  2480 | D:3      | Learned a level 4 spell: Ice Form
  2650 | D:3      | Found a runed translucent door.
  2651 | D:3      | Noticed Crazy Yiuf
  2826 | D:3      | Found a faded altar of an unknown god.
  2869 | D:3      | Noticed Grinder
  2887 | D:3      | Killed Grinder
  2888 | D:3      | Reached skill level 4 in Transmutations
  2888 | D:3      | Reached XP level 6. HP: 26/47 MP: 7/11
  3589 | D:4      | Found a sand-covered staircase.
  3622 | Ossuary  | Entered an ossuary
  4335 | Ossuary  | Your scales start taking on an icy white colour.
  4335 | Ossuary  | Reached XP level 7. HP: 29/52 MP: 10/12
  4335 | Ossuary  | Gained mutation: Your flesh is cold resistant. (rC+) [White
                  | Draconian growth]
  4646 | D:4      | Identified a scroll of acquirement
  4646 | D:4      | Acquired 543 gold pieces
  4708 | D:4      | Reached skill level 5 in Transmutations
  4776 | D:4      | Noticed Menkaure
  4783 | D:4      | Killed Menkaure
  4998 | D:5      | Entered Level 5 of the Dungeon
  5614 | D:4      | Reached skill level 5 in Ice Magic
  5855 | D:4      | Reached XP level 8. HP: 45/59 MP: 14/14
  6099 | D:5      | Reached skill level 5 in Unarmed Combat
  6384 | D:5      | Reached skill level 6 in Transmutations
  6434 | D:5      | You fall into a shaft and drop 1 floor!
  7073 | D:6      | Noticed Duvessa
  7075 | D:6      | Noticed Dowan
  7085 | D:6      | Killed Duvessa
  7091 | D:6      | Killed Dowan
  7280 | D:6      | Reached skill level 7 in Transmutations
  7691 | D:5      | Reached skill level 5 in Spellcasting
  7865 | D:5      | Found a sacrificial altar of Ru.
  8099 | D:5      | Became a worshipper of Ru the Awakened
  8766 | D:6      | Noticed Sigmund
  8781 | D:6      | Killed Sigmund
  8782 | D:6      | Reached XP level 9. HP: 56/64 MP: 13/16
  9338 | D:6      | Learned a level 2 spell: Passwall
  9376 | D:7      | Found a staircase to the Ecumenical Temple.
  9390 | D:7      | Reached skill level 8 in Transmutations
  9703 | D:7      | Noticed Pikel
  9724 | D:7      | Killed Pikel
 10017 | D:7      | Reached skill level 9 in Transmutations
 10310 | D:7      | Gained mutation: Your magical capacity is low. (-10% MP)
                  | [Ru sacrifice]
 10364 | D:8      | Noticed a deep elf pyromancer
 10424 | D:8      | HP: 3/76 [shadow imp (2)]
 10832 | D:8      | Noticed a white ugly thing
 10840 | D:8      | Slain by a white ugly thing

Illustrated notes

Levels and vault maps discovered:
D:1:      giann_forest_graveyard, layout_basic
D:2:      layout_rooms, minmay_joined_circles
D:3:      layout_basic, shapermc_ecumenical_altar_gd, hex_tiny, minmay_cupped,
          uniq_grinder, uniq_crazy_yiuf_cottage
D:4:      layout_loops_corners, nicolae_ossuary_entry_ruins, uniq_menkaure
D:5:      kennysheep_six_static_rooms, layout_loops_ring,
          mainiacjoe_overflow_boulevard, saegor_snake_ambush
D:6:      layout_basic, uniq_sigmund, uniq_duvessa
D:7:      layout_loops_ring, minmay_temple_entry_mist, uniq_pikel
D:8:      minmay_the_grid_octo_triangle [minmay_the_grid_octo_focus,
          minmay_the_grid_octo_prize_single_spiral,
          minmay_the_grid_octo_checkerflower], layout_loops_ring,
          chequers_hall_statues_corner_a, serial_bayou_pond_b,
          lemuel_flame_loot_1, uniq_prince_ribbit1

Skill      XL: |  1  2  3  4  5  6  7  8  9 |
---------------+----------------------------+-----
Transmutations | 3 4 5 7 9 |  9.3
Poison Magic   | 1 |  1.5
Spellcasting   | 3 4 5 6 |  6.3
Unarmed Combat | 4 6 7 |  7.1
Ice Magic      | 2 3 5 6 |  6.0
Dodging        | 2 |  2.1
Fighting       | |  1.8

Action                   |  1- 3 |  4- 6 |  7- 9 || total
-------------------------+-------+-------+-------++-------
Melee: Unarmed           |    93 |   147 |   329 ||   569
       Kick              |     8 |    20 |    23 ||    51
       Headbutt          |     5 |     8 |     8 ||    21
       Tailslap          |     7 |    12 |    12 ||    31
       Punch             |     1 |     1 |     1 ||     3
 Cast: Beastly Appendage |    15 |    13 |    12 ||    40
       Spider Form       |     3 |    10 |       ||    13
       Ice Form          |       |       |    34 ||    34
Invok: Sacrifice Essence |       |       |     1 ||     1
  Use: Potion            |     2 |     2 |       ||     4
       Scroll            |       |     8 |     7 ||    15
 Stab: Sleeping          |     1 |       |       ||     1
Armor: Skin              |    36 |    37 |   111 ||   184
Dodge: Dodged            |    69 |    80 |   152 ||   301

Table legend: (Time is in decaauts)
 A = Elapsed time spent in this place.
 B = Non-inter-level travel time spent in this place.
 C = Inter-level travel time spent in this place.
 D = Time resting spent in this place.
 E = Time spent auto-exploring this place.
 F = Levels seen in this place.
 G = Mean time per level.
                   A        B        C        D        E       F      G
               +--------+--------+--------+--------+--------+-----+--------+
         Total |  10811 |  10507 |    304 |   2169 |   6879 |   9 | 1201.2 |
       Dungeon |   9793 |   9489 |    304 |   1491 |   6708 |   8 | 1224.1 |
       Ossuary |   1017 |   1017 |      0 |    678 |    171 |   1 | 1017.0 |
               +--------+--------+--------+--------+--------+-----+--------+

Top non-repeatable levels by time:
     D:6: 1877 daAuts
     D:5: 1633 daAuts
     D:4: 1416 daAuts
     D:3: 1323 daAuts
     D:2: 1087 daAuts
 Ossuary: 1017 daAuts
     D:1: 987 daAuts
     D:7: 951 daAuts
     D:8: 517 daAuts
